 Dungeon Crawl Stone Soup version 0.31-a0-145-g046c7d2549 (webtiles) character file.

Game seed: 1694439228098700481

98 Dittersdorf the Shield-Bearer (level 4, -25/29 HPs)
             Began as a Gargoyle Fighter on June 6, 2023.
             Annihilated by an ogre
             ... wielding a +0 giant spiked club
              (30 damage)
             ... on level 3 of the Dungeon.
             The game lasted 00:02:43 (2392 turns).

Dittersdorf the Shield-Bearer (Gargoyle Fighter)    Turns: 2392, Time: 00:02:44

Health: -25/29     AC: 10    Str: 21    XL:     4   Next: 69%
Magic:  4/4        EV:  8    Int:  9    God:
Gold:   174        SH:  8    Dex:  9    Spells: 3/3 levels left

rFire   . . .        a - +0 flail
rCold   . . .        c - +0 kite shield
rNeg    + . .        b - +0 scale mail
rPois   ∞            (no helmet)
rElec   +            (no cloak)
rCorr   .            (no gloves)
SInv    .            (no boots)
Will    .....        (no amulet) Stlth
                     (no ring)
HPRegen 0.24/turn    (no ring)
MPRegen 0.09/turn

%: no passive effects
@: no status effects
A: sickness immunity, AC +3, negative energy resistance 1, electricity
resistance, torment resistance 1, petrification resistance
a: no special abilities


You were on level 3 of the Dungeon.
You visited 1 branch of the dungeon, and saw 3 of its levels.

You collected 174 gold pieces.

Inventory:

Hand Weapons
 a - a +0 flail (weapon)
Missiles
 j - a poisoned dart (quivered)
Armour
 b - a +0 scale mail (worn)
 c - a +0 kite shield (worn)
Scrolls
 e - 4 scrolls of teleportation {unknown}
 f - a scroll of immolation {unknown}
 g - 2 scrolls of noise {unknown}
 h - a scroll of torment {unknown}
 i - 5 scrolls of identify {unknown}
 k - a scroll of enchant weapon {unknown}
 l - a scroll of enchant armour {unknown}
Potions
 d - a potion of might
 m - a potion of lignification {unknown}


   Skills:
 + Level 4.0 Fighting
 + Level 2.8 Maces & Flails
 + Level 4.0 Armour
 + Level 4.1 Shields


You had 3 spell levels left.
You didn't know any spells.
Your spell library contained the following spells:

 Spells                   Type           Power      Damage    Failure   Level
 Magic Dart               Conj           0%         1d3       94%         1
 Call Imp                 Summ           0%         N/A       98%         2
 Mephitic Cloud           Conj/Pois/Air  0%         N/A       100%        3


Dungeon Overview and Level Annotations

Branches:
Dungeon (3/15)

Altars:
Makhleb


Innate Abilities, Weirdness & Mutations

You are immune to sickness and miasma.
Your stone body is resilient. (AC +3)
You are immune to poison.
You resist negative energy. (rN+)
You are resistant to electric shocks. (rElec)
You are resistant to unholy torment.
You are immune to petrification.


Message History

Aim: an ogre, wielding a +0 giant spiked club (72% to hit)
You throw a poisoned dart. The poisoned dart hits the ogre.
Throw: 2 darts (poison)
Press: ? - help, Q - select action Shift-Dir - straight line, f/p - ogre
Aim: an ogre, wielding a +0 giant spiked club (72% to hit)
You throw a poisoned dart. The poisoned dart hits the endoplasm.
The endoplasm is poisoned.
The endoplasm freezes you.
You are frozen.
The endoplasm freezes you.
You are frozen.
You hit the endoplasm.
The endoplasm is almost dead.
You kill the endoplasm!
You hit the ogre but do no damage. The ogre closely misses you.
You barely miss the ogre. The ogre hits you but does no damage.
You hit the ogre.
The ogre is lightly wounded.
The ogre closely misses you.
You hit the ogre.
The ogre is moderately wounded.
The ogre hits you with a +0 giant spiked club!!
Ouch! That really hurt!
* * * LOW HITPOINT WARNING * * *
You thump the ogre!
The ogre is heavily wounded.
You block the ogre's attack.
You hit the ogre.
The ogre is severely wounded.
You block the ogre's attack.
You barely miss the ogre.
The ogre is severely wounded.
The ogre barely misses you.
You hit the ogre.
The ogre is almost dead.
You closely miss the ogre.
The ogre is almost dead.
The ogre hits you with a +0 giant spiked club!!
Ouch! That really hurt!
You die...

#..... #..... #..... ###
## #..... #>. .# #.....
#.. .# #..... #..##.####
###... #...#....# #...
#@.# ##... #...o.O#.###
###.... #......#...#
#..<##.
#......###.#######.#....
#....(. #.#.....#.#.##.
#...... #.#.#.#.#.#....
#...... #...#.#...#....
#...... #####.#####....
# #...#.#...#....


You could see an ogre and an orc.

Vanquished Creatures
  A hound (D:3)
  An adder (D:2)
  2 worms (D:2)
  7 ball pythons
  4 bats
  5 endoplasms
  5 giant cockroaches
  A goblin (D:2)
  4 hobgoblins
  7 jackals
  A quokka (D:2)
  3 frilled lizards
  2 kobolds
  4 rats
47 creatures vanquished.

Notes
Turn   | Place    | Note
-------+----------+-------------------------------------------
     0 | D:1      | Dittersdorf the Gargoyle Fighter began the quest for the
                  | Orb.
     0 | D:1      | Reached XP level 1. HP: 14/14 MP: 1/1
    69 | D:1      | Found a faded altar of an unknown god.
   200 | D:1      | Reached XP level 2. HP: 19/19 MP: 2/2
  1125 | D:2      | Found a burning altar of Makhleb.
  1245 | D:2      | Reached XP level 3. HP: 11/23 MP: 3/3
  1989 | D:3      | Reached XP level 4. HP: 29/29 MP: 4/4
  2378 | D:3      | Noticed an ogre
  2392 | D:3      | Annihilated by an ogre

Illustrated notes

Levels and vault maps discovered:
D:1:      lightli_arrival_quake, layout_basic, ebering_ecumenical_altar_ruins
D:2:      layout_loops_corners, basic_altar
D:3:      layout_basic, minmay_misc_feat_ornament

Skill      XL: |  1  2  3 |
---------------+----------+-----
Fighting       | 4 |  4.0
Armour         | 4 |  4.0
Shields        | 4 |  4.1
Maces & Flails | |  2.8

Action                     |  1- 3 |  4- 6 || total
---------------------------+-------+-------++-------
  Melee: Flail             |   121 |    21 ||   142
  Throw: Dart              |       |     2 ||     2
 Armour: Scale mail        |    63 |     7 ||    70
  Dodge: Dodged            |    52 |     5 ||    57
  Block: Buckler           |    17 |       ||    17
         Kite shield       |     9 |     6 ||    15

Table legend: (Time is in decaauts)
 A = Elapsed time spent in this place.
 B = Non-inter-level travel time spent in this place.
 C = Inter-level travel time spent in this place.
 D = Time resting spent in this place.
 E = Time spent auto-exploring this place.
 F = Levels seen in this place.
 G = Mean time per level.
                   A        B        C        D        E       F      G
               +--------+--------+--------+--------+--------+-----+--------+
         Total |   2440 |   2291 |    149 |      0 |   1910 |   3 |  813.3 |
       Dungeon |   2440 |   2291 |    149 |      0 |   1910 |   3 |  813.3 |
               +--------+--------+--------+--------+--------+-----+--------+

Top non-repeatable levels by time:
     D:2: 955 daAuts
     D:1: 933 daAuts
     D:3: 551 daAuts
